 Dungeon Crawl Stone Soup version 0.28.0 (webtiles) character file.

Game seed: 5220828370420586245

37 bande the Skirmisher (level 3, -4/24 HPs)
             Began as a Gargoyle Fighter on Feb 6, 2022.
             Splashed by a jelly's acid (9 damage)
             ... on level 2 of the Dungeon.
             The game lasted 00:02:39 (1523 turns).

bande the Skirmisher (Gargoyle Fighter)             Turns: 1523, Time: 00:02:39

Health: -4/24      AC: -1    Str: 19    XL:     3   Next: 41%
Magic:  3/3        EV:  9    Int:  8    God:
Gold:   94         SH:  4    Dex: 11    Spells: 2/2 levels left

rFire   . . .      SeeInvis .   a - +0 war axe
rCold   . . .      Faith    .   c - +0 buckler
rNeg    + . .      Spirit   .   b - +0 scale mail
rPois   ∞          Reflect  .   (no helmet)
rElec   +          Harm     .   (no cloak)
rCorr   .          Rampage  .   (no gloves)
Will    .....                   (no boots)
Stlth   ..........              (no amulet)
HPRegen 0.08/turn               (no ring)
MPRegen 0.08/turn               (no ring)

@: corroded
A: sickness immunity, AC +3, negative energy resistance 1, electricity
resistance, torment resistance 1, petrification resistance
a: no special abilities


You were on level 2 of the Dungeon.
You visited 1 branch of the dungeon, and saw 3 of its levels.

You collected 94 gold pieces.

Inventory:

Hand Weapons
 a - a +0 war axe (weapon)
Missiles
 h - a throwing net (quivered)
Armour
 b - a +0 scale mail (worn)
 c - a +0 buckler (worn)
Scrolls
 e - 2 scrolls of magic mapping {unknown}
 f - a scroll of vulnerability {unknown}
 g - a scroll of holy word {unknown}
 i - a scroll of identify {unknown}
 j - a scroll of immolation {unknown}
 k - a scroll of blinking {unknown}
 l - a scroll of enchant armour {unknown}
 n - a scroll of silence {unknown}
Potions
 d - a potion of might
 m - 2 potions of brilliance {unknown}


   Skills:
 + Level 3.7 Fighting
 + Level 2.5 Axes
 + Level 3.6 Armour
 + Level 3.4 Shields


You had 2 spell levels left.
You didn't know any spells.
Your spell library contained the following spells:

 Spells                   Type           Power      Damage    Failure   Level
 Sting                    Tmut/Pois      0%         1d3       86%         1
 Poisonous Vapours        Pois/Air       0%         N/A       94%         2
 Olgreb's Toxic Radiance  Pois           0%         N/A       100%        4


Dungeon Overview and Level Annotations

Branches:
Dungeon (3/15)

Altars:


Innate Abilities, Weirdness & Mutations

You are immune to sickness and miasma.
Your stone body is resilient. (AC +3)
You are immune to poison.
You resist negative energy. (rN+)
You are resistant to electric shocks. (rElec)
You are resistant to unholy torment.
You are immune to petrification.


Message History

No target in view!
No target in view!
You now have 85 gold pieces (gained 11).
You now have 94 gold pieces (gained 9).
A ball python comes into view.
The ball python hisses angrily.
A ball python is nearby!
A hobgoblin comes into view.
The hobgoblin shouts!
The jelly quivers.
You hit the ball python.
You kill the ball python!
The hobgoblin hits you but does no damage.
You see here a ball python corpse.
You hit the hobgoblin.
You kill the hobgoblin!
You hit the jelly. The acid corrodes you!
Your hands burn!
The jelly is lightly wounded.
The jelly completely misses you. The jelly hits you. The acid corrodes you!
You are splashed with acid!
You are too injured to fight recklessly!
You are too injured to fight recklessly!
You are too injured to fight recklessly!
You are too injured to fight recklessly!
You are too injured to fight recklessly!
You are too injured to fight recklessly!
You are too injured to fight recklessly!
You are too injured to fight recklessly!
You are too injured to fight recklessly!
You hit the jelly. The acid corrodes you!
Your hands burn!
* * * LOW HITPOINT WARNING * * *
The jelly is lightly wounded.
The jelly hits you but does no damage.
Unknown command.
You barely miss the jelly.
The jelly is lightly wounded.
The jelly hits you.
* * * LOW HITPOINT WARNING * * *
The acid corrodes you!
You are splashed with acid!
You die...

################## #
.................#### #.
########............. # #.###
#.#######.####
#.#....######.#####.#.####
..........................
#....######.#####.#.####
#....†J@.##.#####.#.#
....#........#........#.# #
+#..................##.#.#
..............#........#.# ###
#...#........#..........# ..#
#.......................#
#.##.#...#.####.###..#..##.#.#
.....#........#..........#.#.#
#.####...#.##.##...........#.#


You could see a jelly.

Vanquished Creatures
  2 bats
  2 endoplasms
  A giant cockroach (D:1)
  2 goblins (D:1)
  3 hobgoblins (D:2)
  15 kobolds
  3 ball pythons
  2 frilled lizards (D:1)
  6 rats
36 creatures vanquished.

Vanquished Creatures (others)
  11 fungi (D:2)
  9 plants (D:1)
  5 toadstools (D:2)
25 creatures vanquished.

Grand Total: 61 creatures vanquished

Notes
Turn   | Place    | Note
-------+----------+-------------------------------------------
     0 | D:1      | bande the Gargoyle Fighter began the quest for the Orb.
     0 | D:1      | Reached XP level 1. HP: 14/14 MP: 1/1
   248 | D:1      | Reached XP level 2. HP: 16/19 MP: 2/2
   759 | D:2      | Reached XP level 3. HP: 14/24 MP: 3/3
  1523 | D:2      | Splashed by a jelly's acid

Illustrated notes

Levels and vault maps discovered:
D:1:      minmay_arrival_doors, layout_rooms, lexackson_kobold_supper
D:2:      cheibrodos_fertilizer, layout_basic, minmay_pentomino_s4
D:3:      layout_basic, ebering_ecumenical_altar_mist, serial_shops,
          nicolae_shop_behind_doors

Skill      XL: |  1  2 |
---------------+-------+-----
Axes           | 2 |  2.5
Fighting       | |  3.7
Armour         | |  3.6
Shields        | |  3.4

Action                   || total
-------------------------++-------
Melee: War axe           ||    90
Armor: Scale mail        ||    66
Dodge: Dodged            ||    55
Block: Buckler           ||    18
